 Dungeon Crawl Stone Soup version 0.30.0-30-g96aa6591b8 (webtiles) character file.

Game seed: 6978287034593917871

89 Ayven the Covered (level 4, 0/41 HPs)
             Began as a Minotaur Fighter on June 29, 2023.
             Slain by a gnoll
             ... wielding a +0 halberd
              (9 damage)
             ... on level 2 of the Dungeon.
             The game lasted 00:04:59 (1642 turns).

Ayven the Covered (Minotaur Fighter)                Turns: 1642, Time: 00:05:00

Health: 0/41       AC:  7    Str: 22    XL:     4   Next: 31%
Magic:  3/3        EV:  9    Int:  5    God:
Gold:   71         SH:  4    Dex: 10    Spells: 3/3 levels left

rFire   . . .        i - +3 whip (vamp)
rCold   . . .        c - +0 buckler
rNeg    . . .        b - +0 scale mail
rPois   .            (helmet restricted)
rElec   .            (no cloak)
rCorr   .            (no gloves)
SInv    .            (no boots)
Will    .....        (no amulet) Stlth
                     (no ring)
HPRegen 0.26/turn    (no ring)
MPRegen 0.08/turn

%: no passive effects
@: mighty
A: horns 2, retaliatory headbutt
a: no special abilities


You were on level 2 of the Dungeon.
You visited 1 branch of the dungeon, and saw 2 of its levels.

You collected 71 gold pieces.

Inventory:

Hand Weapons
 a - a +0 war axe
 i - a +3 vampiric whip (weapon)
 k - a +0 dagger of distortion
Armour
 b - a +0 scale mail (worn)
 c - a +0 buckler (worn)
Jewellery
 g - a ring of protection from fire
Scrolls
 h - a scroll of magic mapping
 j - 2 scrolls of identify
Potions
 e - a potion of curing {unknown}


   Skills:
 + Level 4.6 Fighting
 * Level 2.7 Axes
 * Level 5.1 Armour
 * Level 0.3 Dodging
 - Level 3.9 Shields


You had 3 spell levels left.
You didn't know any spells.
Your spell library was empty.

Dungeon Overview and Level Annotations

Branches:
Dungeon (2/15)

Altars:


Innate Abilities, Weirdness & Mutations

You have a pair of horns on your head.
You reflexively headbutt those who attack you in melee.


Message History

You block the gnoll's attack.
You whack the gnoll!
You feel better.
You kill the gnoll!
You block the gnoll's attack. The rat closely misses you.
The giant cockroach barely misses you.
Your Armour skill increases to level 5!
You hit the rat.
You kill the rat!
The gnoll hits you from afar with a +0 halberd!
* * * LOW HITPOINT WARNING * * *
The giant cockroach bites you but does no damage.
The giant cockroach attacks as you move away!
The giant cockroach closely misses you.
You see here a rat corpse.
You hit the giant cockroach.
Your headbutt misses the giant cockroach.
The giant cockroach is heavily wounded.
The giant cockroach waves its antennae.
You block the giant cockroach's attack.
You closely miss the giant cockroach.
Your headbutt misses the giant cockroach.
The giant cockroach is heavily wounded.
The giant cockroach bites you but does no damage.
You hit the giant cockroach.
You feel better.
The giant cockroach is almost dead.
The giant cockroach bites you but does no damage.
You block the giant cockroach's attack.
You whack the giant cockroach!
You feel better.
You kill the giant cockroach!
You whack the gnoll!
The gnoll is heavily wounded.
The gnoll barely misses you. The gnoll hits you but does no damage.
You whack the gnoll!
You kill the gnoll!
The gnoll closely misses you.
Unknown command.
The gnoll barely misses you. The gnoll hits you but does no damage.
The gnoll hits you with a +0 halberd!
You die...

..##...#.# #.#.#.#.#
..####.#.# #.#.#.#.#
.......#.# #.#.#.#.#
...##..#.# #.#...#.#
.#.....#.###.#####.#
.#.....#.........#.#
.#.....#####.###.#.#####
#####
........................
#....
.#.............#@#######
#.... .####.....####.#g#
#.... ...............#g#
#.... .#..#####......#)#
##### .##.##
#....#.#.......# .##..#
#.##.#......g..# ##
.###.# # #............$.
..
.###.###.#..###.......B.
## .........#..#
######....


You could see 2 gnolls.

Vanquished Creatures
  Terence (D:2)
  An adder (D:2)
  2 gnolls (D:2)
  A worm (D:2)
  4 endoplasms
  2 giant cockroaches (D:2)
  5 goblins
  3 hobgoblins
  A quokka (D:2)
  3 ball pythons (D:1)
  A frilled lizard (D:2)
  5 kobolds
  4 rats
33 creatures vanquished.

Notes
Turn   | Place    | Note
-------+----------+-------------------------------------------
     0 | D:1      | Ayven the Minotaur Fighter began the quest for the Orb.
     0 | D:1      | Reached XP level 1. HP: 19/19 MP: 0/0
   164 | D:1      | Reached XP level 2. HP: 27/27 MP: 1/1
  1277 | D:2      | Reached skill level 4 in Armour
  1381 | D:2      | Noticed Terence
  1396 | D:2      | Killed Terence
  1397 | D:2      | Reached XP level 3. HP: 29/34 MP: 2/2
  1604 | D:2      | Reached XP level 4. HP: 41/41 MP: 3/3
  1630 | D:2      | Reached skill level 5 in Armour
  1642 | D:2      | Slain by a gnoll

Illustrated notes

Levels and vault maps discovered:
D:1:      grunt_arrival_lava_bath, layout_basic
D:2:      layout_basic, due_unseen_surprise, uniq_terence

Skill      XL: |  1  2  3  4 |
---------------+-------------+-----
Fighting       | 4 |  4.6
Armour         | 4 5 |  5.1
Axes           | |  2.7
Dodging        | |  0.3
Shields        | |  3.9

Action                     |  1- 3 |  4- 6 || total
---------------------------+-------+-------++-------
  Melee: War axe           |    25 |       ||    25
         Headbutt          |    14 |       ||    14
         Whip              |    27 |    11 ||    38
    Use: Scroll            |     4 |       ||     4
         Potion            |     1 |     1 ||     2
 Armour: Scale mail        |    19 |     5 ||    24
  Dodge: Dodged            |    19 |    10 ||    29
  Block: Buckler           |    14 |     5 ||    19
